 Dungeon Sprint DCSS version 0.28-a0-1387-g3a22ab9bdc (webtiles) character file.

Game seed: 10238074268852811288

8330 mhtbhm the Fencer (level 11, 0/169 HPs)
             Began as a Minotaur Fighter on Jan 2, 2022.
             Was an Initiate of Gozag.
             Succumbed to a redback's poison
             ... in the Dungeon (Sprint III: "The Ten Rune Challenge").
             The game lasted 00:05:26 (3188 turns).

mhtbhm the Fencer (Minotaur Fighter)                Turns: 3188, Time: 00:05:27

Health: 0/169      AC: 10    Str: 24 (27) XL:     11   Next: 8%
Magic:  10/10      EV: 12    Int:  4 (5)  God:    Gozag
Gold:   4173       SH:  6    Dex:  9 (10) Spells: 10/10 levels left

rFire   . . .      SeeInvis +   a - +14 obsidian axe {vorpal, Mesm Drain Fly SInv}
rCold   . . .      Faith    .   c - +0 buckler
rNeg    . . .      Spirit   .   b - +0 scale mail
rPois   .          Reflect  .   (helmet restricted)
rElec   .          Harm     .   (no cloak)
rCorr   .          Rampage  .   (no gloves)
Will    .....      NoTele   +   (no boots)
Stlth   ..........              (no amulet)
HPRegen 0.38/turn               k - ring of wizardry
MPRegen 0.12/turn               (no ring)

@: berserking, lethally poisoned (0 -> -24), gold aura, flying, very quick
A: horns 2, retaliatory headbutt, see invisible, strong 1
a: Renounce Religion, Potion Petition, Call Merchant, Bribe Branch


You were in the Dungeon.
You worshipped Gozag.
Gozag was most pleased with you.
You visited 1 branch You collected 6829 gold pieces.
You spent 1088 gold pieces at shops.
You paid 1568 gold pieces to Gozag.

Inventory:

Hand Weapons
 a - the +14 obsidian axe (weapon) {vorpal, Mesm Drain Fly SInv}
   (You bought it in a shop in the Dungeon)

   It inflicts extra damage upon your enemies.
   It occasionally summons demons to assist the wielder when it strikes in
   combat.
   Its wielder is mesmerised by any visible foes.
   It cannot be unequipped while any foes are visible.
   SInv:      It lets you see invisible.
   Fly:       It grants you flight.
   Drain:     It drains your maximum health when unequipped.
Missiles
 d - 7 curare-tipped darts (quivered)
Armour
 b - a +0 scale mail (worn)
 c - a +0 buckler (worn)
Jewellery
 k - a ring of wizardry (left hand)
Wands
 i - a wand of iceblast (4)
Scrolls
 e - a scroll of torment {unknown}
 j - a scroll of blinking
 l - 3 scrolls of identify
 n - a scroll of holy word {unknown}
Potions
 g - a potion of haste
 h - 2 potions of magic
 m - 3 potions of flight
 o - 2 potions of mutation
Miscellaneous
 p - a tin of tremorstones (2/2)


   Skills:
 + Level 15.6 Fighting
 - Level 16.3 Long Blades
 * Level 9.0 Axes
 + Level 16.1 Armour
 + Level 5.5 Dodging
 - Level 4.4 Stealth
 + Level 11.5 Shields
 + Level 4.8 Evocations


You had 10 spell levels left.
You didn't know any spells.
Your spell library contained the following spells:

 Spells                   Type           Power      Damage    Failure   Level
 Summon Small Mammal      Summ           0%         N/A       38%         1
 Call Canine Familiar     Summ           0%         N/A       75%         3
 Summon Guardian Golem    Hex/Summ       0%         N/A       75%         3


Dungeon Overview and Level Annotations

Branches:
Dungeon (1/1)

Altars:
Cheibriados
Dithmenos
Elyvilon
Fedhas
Gozag
Hepliaklqana
Kikubaaqudgha
Makhleb
Nemelex Xobeh
Qazlal
Ru
Sif Muna
Vehumet
Xom
Yredelemnul
Zin
The Shining One
Jiyva
Lugonu

Shops:
D *


Innate Abilities, Weirdness & Mutations

You have a pair of horns on your head.
You reflexively headbutt those who attack you in melee.
You have supernaturally acute eyesight. (SInv)
Your muscles are strong. (Str +2)


Message History

Visions of slaying the soul eater flood into your mind.
The redback bites you! The soul eater hits you!
* * * LOW HITPOINT WARNING * * *
Unknown command.
You slice the soul eater!!
The soul eater is severely wounded.
You barely miss the redback.
Visions of slaying the redback flood into your mind.
The redback bites you!
* * * LOW HITPOINT WARNING * * *
You are lethally poisoned!
The redback poisons you! The soul eater closely misses you.
You furiously retaliate!
You headbutt the soul eater. You hit the soul eater.
The soul eater is severely wounded.
You barely miss the redback.
* * * LOW HITPOINT WARNING * * *
You feel extremely sick. The redback bites you!
* * * LOW HITPOINT WARNING * * *
The soul eater draws from the surrounding life force!
* * * LOW HITPOINT WARNING * * *
The soul eater is healed.
You slash the soul eater!
You kill the soul eater!
The soul eater disappears in a puff of smoke!
You slice the redback!!
You are no longer entranced.
You kill the redback!
* * * LOW HITPOINT WARNING * * *
You feel very sick.
Your life force feels restored.
Your Axes skill increases to level 9!
* * * LOW HITPOINT WARNING * * *
You feel very sick.
Unknown command.
Unknown command.
You feel a strong urge to attack something.
You die...
Your body crumbles into a pile of gold.

#..♣♣
♣♣♣#
###'♣ #
♣♣♣♣.#
$ #
♣...##
$#
♣♣.##.
#
♣..#$##
♣♣.##.#
♣♣.##§#
♣....@#
#######


There were no monsters in sight!

Vanquished Creatures
  Sigmund (D)
  Erolcha (D)
  An orc high priest (D)
  A lindwurm (D)
  A deep elf pyromancer (D)
  An orc sorcerer (D)
  2 cane toads (D)
  Edmund (D)
  A komodo dragon (D)
  2 tyrant leeches (D)
  A shadow (D)
  3 wandering mushrooms (D)
  4 redbacks (D)
  A spatial vortex (D)
  A necrophage (D)
  5 two-headed ogres (D)
  A scorpion (D)
  A water elemental (D)
  A jelly (D)
  5 orc priests (D)
  A wizard (D)
  A necromancer (D)
  3 orc wizards (D)
  A human (D)
  A kobold demonologist (D)
  8 orcs (D)
  2 endoplasms (D)
  2 rats (D)
54 creatures vanquished.

Notes
Turn   | Place    | Note
-------+----------+-------------------------------------------
     0 | D        | mhtbhm the Minotaur Fighter began the quest for the Orb.
     0 | D        | Reached XP level 1. HP: 19/19 MP: 0/0
    47 | D        | Reached skill level 5 in Fighting
    47 | D        | Reached skill level 5 in Armour
    47 | D        | Reached XP level 2. HP: 4/29 MP: 1/1
   324 | D        | Noticed a scorpion
   337 | D        | Killed a scorpion
   338 | D        | Reached XP level 3. HP: 22/37 MP: 2/2
   338 | D        | Reached XP level 4. HP: 26/44 MP: 3/3
   461 | D        | Gained mutation: You occasionally shout uncontrollably at
                  | your foes. [potion of mutation]
   461 | D        | Gained mutation: You are dopey. (Int -2) [potion of
                  | mutation]
   462 | D        | Lost mutation: You are dopey. (Int -2) [potion of mutation]
   462 | D        | Lost mutation: You occasionally shout uncontrollably at
                  | your foes. [potion of mutation]
   462 | D        | Gained mutation: Your muscles are strong. (Str +2) [potion
                  | of mutation]
   462 | D        | Gained mutation: You have supernaturally acute eyesight.
                  | (SInv) [potion of mutation]
   489 | D        | Noticed a water elemental
   497 | D        | Killed a water elemental
   498 | D        | Reached skill level 5 in Long Blades
   498 | D        | Reached XP level 5. HP: 52/52 MP: 4/4
   585 | D        | Found a basalt altar of Yredelemnul.
   585 | D        | Found a shadowy altar of Dithmenos.
   585 | D        | Found a sacrificial altar of Ru.
   585 | D        | Noticed a necrophage
   597 | D        | Killed a necrophage
   836 | D        | Reached XP level 6. HP: 41/61 MP: 5/5
   937 | D        | Noticed a shadow
   946 | D        | Killed a shadow
   947 | D        | Reached skill level 10 in Armour
   947 | D        | Reached skill level 1 in Dodging
   947 | D        | Reached skill level 1 in Stealth
   972 | D        | Found a blossoming altar of Fedhas.
   972 | D        | Found a stormy altar of Qazlal.
   972 | D        | Found a snail-covered altar of Cheibriados.
   972 | D        | Found a burning altar of Makhleb.
   972 | D        | Found a shimmering altar of Xom.
   973 | D        | Found a hazy altar of Hepliaklqana.
   973 | D        | Found an opulent altar of Gozag.
   973 | D        | Found a sparkling altar of Nemelex Xobeh.
   973 | D        | Found a corrupted altar of Lugonu.
   973 | D        | Found a viscous altar of Jiyva.
   973 | D        | Noticed a spatial vortex
   978 | D        | Became a worshipper of Gozag Ym Sagoz the Greedy
   983 | D        | Killed a spatial vortex
   984 | D        | Reached XP level 7. HP: 70/70 MP: 6/6
  1015 | D        | Found a radiant altar of Vehumet.
  1015 | D        | Found a shimmering blue altar of Sif Muna.
  1015 | D        | Found an ancient bone altar of Kikubaaqudgha.
  1034 | D        | Noticed a sun demon
  1092 | D        | Found a glowing silver altar of Zin.
  1092 | D        | Found a glowing golden altar of the Shining One.
  1092 | D        | Found a white marble altar of Elyvilon.
  1094 | D        | Noticed a deep elf pyromancer
  1103 | D        | Killed a deep elf pyromancer
  1104 | D        | Reached skill level 10 in Fighting
  1104 | D        | Reached XP level 8. HP: 33/79 MP: 7/7
  1407 | D        | Noticed a two-headed ogre
  1417 | D        | Killed a two-headed ogre
  1418 | D        | Reached skill level 1 in Evocations
  1662 | D        | Noticed a two-headed ogre
  1662 | D        | Noticed Erolcha
  1669 | D        | Killed Erolcha
  1670 | D        | Reached XP level 9. HP: 90/90 MP: 8/8
  1673 | D        | Killed a two-headed ogre
  1713 | D        | Reached skill level 15 in Long Blades
  1972 | D        | Noticed a wandering mushroom
  1976 | D        | Noticed a wandering mushroom
  1978 | D        | Noticed a wandering mushroom
  1985 | D        | Reached skill level 10 in Shields
  2174 | D        | Noticed an orc high priest
  2175 | D        | Found Cis Ygai's General Store.
  2175 | D        | Noticed an orc sorcerer
  2186 | D        | Killed an orc sorcerer
  2188 | D        | Killed an orc high priest
  2189 | D        | Reached XP level 10. HP: 83/101 MP: 9/9
  2286 | D        | Bought the +14 obsidian axe {vorpal, Mesm Drain Fly SInv}
                  | for 1088 gold pieces
  2286 | D        | Found the +14 obsidian axe {vorpal, Mesm Drain Fly SInv}
  2330 | D        | Noticed Sigmund
  2330 | D        | Noticed Edmund
  2340 | D        | Killed Edmund
  2344 | D        | Killed Sigmund
  2345 | D        | Reached skill level 15 in Armour
  2722 | D        | Noticed a cane toad
  2722 | D        | Noticed a cane toad
  2724 | D        | Killed a cane toad
  2726 | D        | Killed a cane toad
  2727 | D        | Reached skill level 15 in Fighting
  2727 | D        | Reached skill level 5 in Dodging
  2952 | D        | Reached XP level 11. HP: 52/113 MP: 10/10
  3175 | D        | Noticed a lindwurm
  3178 | D        | Noticed a soul eater
  3180 | D        | Killed a lindwurm
  3187 | D        | HP: 4/169 [poisoned by a redback]
  3188 | D        | Succumbed to a redback's poison

Illustrated notes

Levels and vault maps discovered:
D:        dungeon_sprint_mu [sprint_mu_entry_forest, sprint_mu_temple_rooms,
          sprint_mu_d1_spiders, sprint_mu_d2_genie, sprint_mu_d3_branching,
          sprint_mu_orc_legion, sprint_mu_elf_gauntlet, sprint_mu_hive_nellie,
          sprint_mu_lair_fedhas, sprint_mu_vaults_butterflies,
          sprint_mu_slime_circle, sprint_mu_swamp_cave, sprint_mu_shoals_archi,
          sprint_mu_blade_basic, sprint_mu_crypt_lich, sprint_mu_tomb_spiral,
          sprint_mu_vestibule_basic, sprint_mu_gehenna_hellfire,
          sprint_mu_dis_giant, sprint_mu_tartarus_statrot,
          sprint_mu_cocytus_islands, sprint_mu_zot1]

Skill      XL: |  1  2  3  4  5  6  7  8  9 10 11 |
---------------+----------------------------------+-----
Fighting       | 5 6 7 8 9 10 11 13 15 | 15.6
Armour         | 5 6 7 9 11 12 13 14 16 | 16.1
Shields        | 4 6 7 8 9 10 11 | 11.5
Long Blades    | 3 4 5 7 9 11 14 16 | 16.3
Dodging        | 1 2 3 5 |  5.5
Stealth        | 1 2 4 |  4.4
Evocations     | 1 3 4 |  4.8
Axes           | 8 9 |  9.0

Action                   |  1- 3 |  4- 6 |  7- 9 | 10-12 || total
-------------------------+-------+-------+-------+-------++-------
Melee: Long sword        |    21 |    32 |    71 |     5 ||   129
       Headbutt          |     3 |     5 |    17 |     8 ||    33
       Broad axe         |       |       |       |    32 ||    32
Invok: Potion Petition   |       |       |     1 |     2 ||     3
Evoke: Wand              |       |       |     3 |       ||     3
       Tin of tremorston |       |       |     4 |       ||     4
  Use: Potion            |     1 |     4 |     2 |     2 ||     9
 Stab: Invisible         |       |       |     2 |       ||     2
Armor: Scale mail        |     7 |     7 |    13 |     7 ||    34
       Skin              |       |       |     2 |       ||     2
Dodge: Dodged            |     7 |     6 |    14 |    15 ||    42
Block: Buckler           |     6 |     4 |    11 |     7 ||    28

Table legend: (Time is in decaauts)
 A = Elapsed time spent in this place.
 B = Non-inter-level travel time spent in this place.
 C = Inter-level travel time spent in this place.
 D = Time resting spent in this place.
 E = Time spent auto-exploring this place.
 F = Levels seen in this place.
 G = Mean time per level.
                   A        B        C        D        E       F      G
               +--------+--------+--------+--------+--------+-----+--------+
         Total |   3201 |   3201 |      0 |   2455 |      1 |   1 | 3201.0 |
       Dungeon |   3201 |   3201 |      0 |   2455 |      1 |   1 | 3201.0 |
               +--------+--------+--------+--------+--------+-----+--------+

Top non-repeatable levels by time:
       D: 3201 daAuts
